 Dungeon Crawl Stone Soup version 0.19-a0-994-g3c636f0 (webtiles) character file.

212 mistymad the Poker (level 5, 0/64 HPs)
             Began as a Merfolk Monk on July 15, 2016.
             Succumbed to a worker ant's poison
             ... on level 4 of the Dungeon.
             The game lasted 00:07:25 (2871 turns).

mistymad the Poker (Merfolk Monk)                   Turns: 2871, Time: 00:07:26

Health: 0/64       AC: 11    Str: 18    XL:     5   Next: 89%
Magic:  5/5        EV: 13    Int:  9    God:
Gold:   170        SH:  0    Dex: 19    Spells: 0 memorised, 4 levels left

rFire  + . .     SeeInvis .     a - +0 spear
rCold  . . .     Gourm    .     u - +2 scale mail {rF+}
rNeg   . . .     Faith    .     (no shield)
rPois  .         Spirit   .     g - +0 helmet
rElec  .         Dismiss  .     m - +0 cloak
rCorr  .         Reflect  .     (no gloves)
SustAt .         Harm     .     h - +0 pair of boots
MR     .....                    (no amulet)
Stlth  ..........               t - +3 ring of dexterity
                                p - ring of wizardry

@: berserking (expiring), lethally poisoned (0 -> -7), very quick, not resistant
to hostile enchantments, extremely unstealthy
A: change form in water, swift swim
a: no special abilities


You were on level 4 of the Dungeon.
You were hungry.

You visited 1 branch of the dungeon, and saw 4 of its levels.

You collected 170 gold pieces.

Inventory:

Hand Weapons
 a - a +0 spear (weapon)
Armour
 g - a +0 helmet (worn)
 h - a +0 pair of boots (worn)
 m - a +0 cloak (worn)
 u - a +2 scale mail of fire resistance (worn)
Jewellery
 p - a ring of wizardry (left hand)
 t - a +3 ring of dexterity (right hand)
Scrolls
 b - a scroll of immolation
 k - a scroll of fear
 l - a scroll of magic mapping {unknown}
 n - 2 scrolls of amnesia
 v - a scroll of remove curse
Potions
 d - a potion of haste
 e - 2 potions of berserk rage
 o - a potion of resistance
 r - a potion of brilliance
 s - a potion of cure mutation
 w - a potion of agility
Comestibles
 c - 4 bread rations
 f - a beef jerky
 i - 2 meat rations
 q - a slice of pizza
 x - a chunk of flesh


   Skills:
 + Level 4.8 Fighting
 + Level 6.7 Polearms
 + Level 5.5 Dodging
 - Level 2.1 Stealth


You had 4 spell levels left.
You didn't know any spells.

Dungeon Overview and Level Annotations

Branches:
Dungeon (4/15)
 Temple: D:4-7

Altars:
Dithmenos
Elyvilon
Ru


Message History

As you read the scroll of identify, it crumbles to dust.
w - a potion of agility You are feeling hungry.
* * * LOW HITPOINT WARNING * * *
You feel sick.
You take 1 damage, and have 3/43 hp.
Okay, then.
* * * LOW HITPOINT WARNING * * *
You feel sick.
You take 1 damage, and have 2/43 hp.
* * * LOW HITPOINT WARNING * * *
You feel sick.
You take 1 damage, and have 1/43 hp.
A red film seems to cover your vision as you go berserk!
You feel yourself moving faster!
You feel mighty!
* * * LOW HITPOINT WARNING * * *
You feel sick.
You now have 1/64 hp.
You feel a strong urge to attack something.
You die...

##.# ###..#### #........#
)#.# ##....#####.########
.#.# ####..##(..# .#.#
##....#.# .#.#####
#####....## .......#
###.....##..########
.#..##...........##...†......
.##.# ####.....#..########.
.# ... #....@..## .# ....
#....#...## .# ....#
#...#.....# ## .####
#<............#
....#.......####
...#.#.......# #... ##....[##
#..# ....=.# #.......


There were no monsters in sight!

Vanquished Creatures
  Terence (D:2)
  Jessica (D:2)
  Ijyb (D:2)
  A worker ant (D:4)
  3 adders
  2 oozes
  A worm (D:3)
  2 dart slugs (D:1)
  3 giant geckos
  3 orcs
  2 bats (D:1)
  8 giant cockroaches
  3 hobgoblins
  4 jackals (D:2)
  8 kobolds
  A quokka (D:4)
  A giant cockroach zombie (D:1)
  A giant gecko zombie (D:1)
  2 giant newts
  9 goblins
  A quokka skeleton (D:4)
  6 rats
64 creatures vanquished.

Vanquished Creatures (others)
  A bat (D:2)
1 creature vanquished.

Grand Total: 65 creatures vanquished

Notes
Turn   | Place    | Note
-------+----------+-------------------------------------------
     0 | D:1      | mistymad the Merfolk Monk began the quest for the Orb.
     0 | D:1      | Reached XP level 1. HP: 18/18 MP: 1/1
   238 | D:1      | Reached XP level 2. HP: 24/24 MP: 2/2
   308 | D:1      | Reached skill level 5 in Polearms
   905 | D:2      | Noticed Ijyb
   906 | D:2      | Noticed Jessica
   937 | D:1      | Reached XP level 3. HP: 8/29 MP: 3/3
  1259 | D:2      | Killed Ijyb
  1469 | D:2      | Reached XP level 4. HP: 37/37 MP: 4/4
  1489 | D:2      | Killed Jessica
  1489 | D:2      | Reached skill level 5 in Dodging
  1510 | D:2      | Found a white marble altar of Elyvilon.
  1865 | D:2      | Reached skill level 6 in Polearms
  1884 | D:2      | Reached XP level 5. HP: 35/42 MP: 5/5
  1913 | D:2      | Found a shadowy altar of Dithmenos.
  1920 | D:2      | Noticed Terence
  1954 | D:2      | Killed Terence
  1972 | D:2      | Found a sacrificial altar of Ru.
  2868 | D:4      | HP: 2/43 [poisoned by a worker ant]
  2871 | D:4      | Succumbed to a worker ant's poison

Vault maps used:
D:1:      saegor_arrival_fortress
D:2:      elyvilon_altar_4, nicolae_ru_sacrificial_ziggurat,
          grunt_dithmenos_smoke, uniq_iyjb, uniq_terence, uniq_jessica
D:3:      serial_glass, glass_columns_b, glass_columns_a, glass_columns_b,
          glass_columns_a, glass_columns_b, glass_columns_c
D:4:      minitemple

Skill      XL: |  1  2  3  4 |
---------------+-------------+-----
Polearms       | 5 6 |  6.7
Fighting       | 4 |  4.8
Dodging        | 5 |  5.5
Stealth        | |  2.1

Action                   |  1- 3 |  4- 6 || total
-------------------------+-------+-------++-------
Melee: Spear             |   123 |   236 ||   359
  Use: Scroll            |       |    12 ||    12
       Potion            |       |     1 ||     1
 Stab: Sleeping          |     3 |     5 ||     8
       Distracted        |       |     1 ||     1
  Eat: Chunk             |     1 |     5 ||     6
Armor: Robe              |     1 |    18 ||    19
       Leather armour    |    27 |     1 ||    28
       Scale mail        |       |    24 ||    24
Dodge: Dodged            |    54 |    96 ||   150
